 Dungeon Crawl Stone Soup version 0.31.0-32-g396128a36d (webtiles) character file.

Game seed: 8537270962604030619

74 Peloso the Covered (level 4, -2/41 HPs)
             Began as a Minotaur Fighter on Mar 23, 2024.
             Slain by a gnoll
             ... wielding a +0 whip
              (5 damage)
             ... on level 4 of the Dungeon.
             The game lasted 00:01:46 (1276 turns).

Peloso the Covered (Minotaur Fighter)               Turns: 1276, Time: 00:01:47

Health: -2/41      AC:  7    Str: 17 (20) XL:     4   Next: 10%
Magic:  3/3        EV:  9    Int:  3 (5)  God:
Gold:   85         SH:  5    Dex: 12      Spells: 3/3 levels left

rFire   . . .        a - +0 long sword
rCold   . . .        c - +0 buckler
rNeg    . . .        b - +0 scale mail
rPois   .            (helmet restricted)
rElec   .            (no cloak)
rCorr   .            (no gloves)
SInv    .            (no boots)
Will    .....        (no amulet) Stlth
                     (no ring)
HPRegen 0.26/turn    (no ring)
MPRegen 0.08/turn

%: no passive effects
@: no status effects
A: horns 2, retaliatory headbutt
a: no special abilities


You were on level 4 of the Dungeon.
You visited 1 branch of the dungeon, and saw 3 of its levels.

You collected 85 gold pieces.

Inventory:

Hand Weapons
 a - a +0 long sword (weapon)
Armour
 b - a +0 scale mail (worn)
 c - a +0 buckler (worn)
Scrolls
 e - a scroll of vulnerability {unknown}
 f - a scroll of identify {unknown}
 g - a scroll of enchant weapon {unknown}
 h - a scroll of amnesia {unknown}
 i - a scroll of teleportation {unknown}
Potions
 d - 2 potions of might


   Skills:
 + Level 4.4 Fighting
 + Level 3.0 Long Blades
 + Level 4.5 Armour
 + Level 1.0 Dodging
 + Level 4.0 Shields


You had 3 spell levels left.
You didn't know any spells.
Your spell library contained the following spells:

 Spells                   Type           Power      Damage    Failure   Level
 Magic Dart               Conj           0%         1d3       94%         1
 Blink                    Tloc           0%         N/A       98%         2
 Call Imp                 Summ           0%         N/A       98%         2
 Mercury Vapours          Alch/Air       0%         N/A       98%         2
 Mephitic Cloud           Conj/Alch/Air  0%         N/A       100%        3
 Freezing Cloud           Conj/Ice/Air   0%         6-21      100%        5
 Haunt                    Necr/Summ      0%         N/A       100%        7
 Borgnjor's Revivificati  Necr           0%         N/A       100%        8
 Death's Door             Necr           0%         N/A       100%        9


Dungeon Overview and Level Annotations

Branches:
Dungeon (2/15)

Altars:


Innate Abilities, Weirdness & Mutations

You have a pair of horns on your head.
You reflexively headbutt those who attack you in melee.


Message History

The gnoll is severely wounded.
The gnoll hits you with a +0 halberd!
* * * LOW HITPOINT WARNING * * *
You hit the gnoll but do no damage. You headbutt the gnoll.
You kill the gnoll!
Your Long Blades skill increases to level 3!
A gnoll comes into view. It is wielding a +0 whip.
You see here a +0 halberd.
An adder comes into view.
The adder hisses angrily.
You miss the adder.
The adder bites you but does no damage. x2
You closely miss the adder. The adder barely misses you.
You closely miss the adder. Your headbutt misses the adder.
The adder closely misses you. You furiously retaliate!
You headbutt the adder. The gnoll hits you with a +0 whip.
* * * LOW HITPOINT WARNING * * *
The adder bites you but does no damage.
Okay, then.
You miss the adder. Your headbutt misses the adder.
The adder is heavily wounded.
The adder bites you but does no damage. The gnoll hits you with a +0 whip.
* * * LOW HITPOINT WARNING * * *
The adder bites you but does no damage. The gnoll closely misses you.
Unknown command.
You closely miss the adder. You headbutt the adder.
You kill the adder!
The gnoll hits you with a +0 whip.
* * * LOW HITPOINT WARNING * * *
You feel your dexterity returning.
Your Dodging skill increases to level 1!
You have reached level 4!
You feel agile.
You hit the gnoll.
The gnoll is moderately wounded.
The gnoll barely misses you.
Unknown command.
You slash the gnoll!
The gnoll is severely wounded.
The gnoll hits you with a +0 whip.
You die...

#.# #.# #.### ###...#
#...... #...#..
#.)###.
##################.#.#
#
......†@g............#
#################....#
##..?# #...# #.....
#######


You could see a gnoll.

Vanquished Creatures
  A gnoll (D:4)
  4 adders
  A dart slug (D:2)
  A ribbon worm (D:2)
  2 ball pythons (D:1)
  7 bats
  2 endoplasms
  A giant cockroach (D:1)
  2 goblins (D:2)
  4 hobgoblins
  A kobold (D:1)
  2 rats
28 creatures vanquished.

Notes
Turn   | Place    | Note
-------+----------+-------------------------------------------
     0 | D:1      | Peloso the Minotaur Fighter began the quest for the Orb.
     0 | D:1      | Reached XP level 1. HP: 19/19 MP: 0/0
   195 | D:1      | Reached XP level 2. HP: 21/27 MP: 1/1
   866 | D:2      | Reached XP level 3. HP: 25/33 MP: 2/2
  1242 | D:2      | You fall into a shaft and drop 2 floors!
  1275 | D:4      | Reached skill level 1 in Dodging
  1275 | D:4      | Reached XP level 4. HP: 2/41 MP: 3/3
  1276 | D:4      | Slain by a gnoll

Illustrated notes

Levels and vault maps discovered:
D:1:      dpeg_arrival_signposts, layout_basic
D:2:      layout_rooms, dilly_ecumenical_altar_fadedgnrine, uniq_terence
D:4:      layout_basic, kennysheep_mini_moat, serial_shops,
          nicolae_shop_advertising_works [nicolae_subvault_shop_adworks],
          uniq_pikel

Skill      XL: |  1  2  3 |
---------------+----------+-----
Fighting       | 4 |  4.4
Armour         | 4 |  4.5
Shields        | 4 |  4.0
Long Blades    | 3 |  3.0
Dodging        | 1 |  1.0

Action                     |  1- 3 |  4- 6 || total
---------------------------+-------+-------++-------
  Melee: Long sword        |    73 |     2 ||    75
         Headbutt          |    15 |       ||    15
    Use: Potion            |     3 |       ||     3
 Armour: Scale mail        |    93 |     1 ||    94
  Dodge: Dodged            |    57 |     1 ||    58
  Block: Buckler           |    21 |       ||    21
